Map: Submarine LE

Players

yokister - Winner!

  • Race: Terran Terran
  • League: Diamond
  • Spawn Location: 5:00

Imperator

  • Race: Protoss Protoss
  • League: Diamond
  • Spawn Location: 11:00

VOD

Have the link to the VOD?

Description

Time

  • Played on: Jan. 7, 2021, 6:12 a.m.
  • Length: 9:00
Show
View Real Time Build Order
Export as new Build Order

yokister Terran - Winner!

Build Orders: Reaper Expand 

Get SALT Encoding   

  12  0:00  SCV  
  13  0:12  SCV  
  14  0:17  Supply Depot  
  14  0:25  SCV  
  15  0:38  SCV  
  15  0:40  Barracks  
  16  0:45  Refinery  
  16  0:50  SCV  
  17  1:03  SCV  
  18  1:15  SCV  
  19  1:27  Orbital Command  
  19  1:29  Reaper  
  20  1:45  Command Center  
  20  1:52  SCV  
  21  2:00  Supply Depot  
  21  2:01  Marine  
  22  2:04  SCV  
  23  2:10  Factory  
  23  2:21  SCV  
  24  2:27  Refinery  
  24  2:29  Bunker  
  24  2:37  SCV  
  25  2:49  Barracks Reactor  
  25  2:50  SCV  
  26  2:57  Starport  
  28  2:58  Hellion  
  28  3:02  SCV, Orbital Command  
  29  3:14  SCV  
  30  3:26  SCV  
  31  3:31  SCV  
  31  3:33  Marine x2  
  31  3:34  Factory Tech Lab, Starport Tech Lab  
  34  3:38  SCV  
  35  3:42  Refinery  
  35  3:43  SCV  
  35  3:45  Supply Depot  
  36  3:50  SCV  
  37  3:55  SCV  
  37  4:02  SCV  
  39  4:08  SCV  
  39  4:11  Supply Depot  
  39  4:12  Marine x2  
  39  4:13  Cyclone  
  39  4:14  SCV, Raven  
  47  4:17  Engineering Bay  
  47  4:22  Barracks, SCV  
  47  4:23  Barracks  
  48  4:26  SCV  
  49  4:33  Supply Depot  
  49  4:34  SCV  
  49  4:37  Refinery  
  50  4:38  SCV  
  50  4:40  Marine x2  
  53  4:46  Terran Infantry Weapons Level 1, SCV  
  54  4:56  Supply Depot  
  54  5:05  Starport Reactor, SCV x2  
  56  5:13  Stimpack  
  56  5:15  Factory Tech Lab  
  56  5:17  SCV x2  
  56  5:21  Supply Depot  
  56  5:29  SCV x2  
  56  5:32  Combat Shield  
  56  5:33  Marine x2  
  62  5:36  Marauder  
  62  5:37  Siege Tank  
  62  5:39  Marauder  
  62  5:41  SCV x2  
  69  5:49  Medivac x2  
  73  5:51  Marine x2  
  73  5:56  SCV  
  73  5:57  Barracks, SCV  
  77  5:58  Barracks, Marauder  
  77  6:01  Marauder  
  81  6:09  Siege Tank, SCV x2  
  86  6:14  Supply Depot x2  
  86  6:20  Marine x2  
  86  6:21  Marauder  
  86  6:22  Marauder  
  86  6:25  Medivac  
  94  6:33  Supply Depot  
  94  6:35  Medivac, SCV x2  
  94  6:36  Supply Depot x3  
  94  6:39  Marine x2  
  100  6:40  Terran Infantry Armor Level 1  
  100  6:44  Marauder x2  
  104  6:47  SCV x2  
  106  6:55  Supply Depot  
  106  7:07  Marine x2  
  106  7:08  Barracks Reactor x2  
  108  7:09  Marine, Marauder  
  108  7:10  Siege Tank  
  108  7:11  Medivac  
  108  7:12  Medivac  
  108  7:13  SCV  
  108  7:14  SCV  
  120  7:26  Marine x2  
  120  7:27  Marine  
  120  7:28  SCV x2  
  120  7:29  Marine, Supply Depot  
  125  7:31  Supply Depot  
  126  7:44  Marine x2  
  126  7:45  Marine  
  126  7:47  Marine  
  107  8:02  Marine  
  106  8:09  Marine x3  
  106  8:10  Marine x4  
  110  8:20  Marine  
  108  8:27  Marine x2  
  108  8:28  Marauder x2  
  108  8:30  Marine x3  
  124  8:38  Marine  
Show
View Real Time Build Order
Export as new Build Order

Imperator Protoss 

Build Orders: 1 Gate Expand, Colossus Rush 

Get SALT Encoding   

  12  0:00  Probe  
  13  0:12  Probe  
  14  0:19  Pylon  
  14  0:25  Probe  
  15  0:37  Probe  
  15  0:40  Gateway  
  16  0:49  Probe  
  17  1:08  Nexus  
  17  1:11  Probe  
  18  1:16  Assimilator  
  18  1:23  Probe  
  19  1:28  Cybernetics Core  
  19  1:35  Probe  
  19  1:36  Assimilator  
  20  1:47  Pylon, Probe (Chrono Boost)  
  21  1:59  Probe (Chrono Boost)  
  22  2:03  Stalker (Chrono Boost), Probe (Chrono Boost)  
  25  2:15  Probe (Chrono Boost)  
  26  2:20  Probe (Chrono Boost)  
  27  2:24  Warp Gate  
  27  2:27  Probe (Chrono Boost)  
  29  2:30  Probe (Chrono Boost)  
  29  2:32  Probe (Chrono Boost)  
  30  2:38  Probe  
  30  2:41  Probe  
  32  2:45  Stalker  
  32  2:50  Probe  
  35  2:53  Probe  
  35  2:54  Pylon  
  36  3:02  Probe  
  36  3:05  Probe  
  38  3:14  Probe  
  38  3:17  Probe  
  40  3:26  Probe  
  41  3:29  Probe  
  41  3:31  Twilight Council  
  41  3:33  Robotics Facility  
  42  3:37  Gateway  
  42  3:38  Probe  
  43  3:42  Pylon  
  43  3:43  Probe  
  44  3:50  Probe  
  44  3:52  Shield Battery  
  47  3:56  Sentry  
  47  3:58  Probe  
  47  4:02  Probe  
  48  4:10  Probe  
  48  4:11  Assimilator  
  48  4:14  Probe  
  48  4:15  Assimilator  
  50  4:22  Nexus, Probe  
  51  4:25  Pylon  
  51  4:27  Probe  
  51  4:30  Blink (Chrono Boost)  
  52  4:34  Probe  
  52  4:35  Observer  
  54  4:39  Robotics Bay, Probe  
  55  4:52  Stalker  
  55  4:54  Stalker  
  55  4:58  Probe x2  
  61  5:05  Shield Battery  
  61  5:10  Probe x2  
  61  5:13  Pylon  
  63  5:22  Phoenix, Probe  
  63  5:26  Pylon  
  64  5:28  Colossus (Chrono Boost)  
  64  5:30  Probe  
  64  5:34  Probe  
  72  5:37  Pylon  
  72  5:38  Stalker x2  
  76  5:45  Pylon  
  76  5:48  Pylon  
  76  5:51  Pylon  
  76  5:55  Probe x2  
  76  5:56  Probe  
  79  5:57  Assimilator  
  79  6:01  Assimilator, Stalker  
  79  6:02  Stalker  
  83  6:07  Probe  
  83  6:08  Forge, Probe x2  
  83  6:09  Forge  
  86  6:12  Pylon  
  86  6:15  Colossus  
  86  6:16  Pylon  
  92  6:21  Robotics Facility  
  92  6:25  Probe x3  
  95  6:34  Stalker x2  
  95  6:37  Phoenix, Gateway, Probe x3  
  95  6:38  Gateway  
  95  6:39  Protoss Ground Weapons Level 1 (Chrono Boost)  
  102  6:40  Protoss Ground Armor Level 1 (Chrono Boost)  
  102  6:45  Gateway  
  102  6:47  Gateway  
  102  6:49  Pylon  
  102  6:53  Charge  
  102  6:59  Templar Archives  
  102  7:08  Stalker x2  
  106  7:17  Colossus, Disruptor  
  115  7:26  Psionic Storm  
  115  7:31  Pylon  
  115  7:33  Pylon  
  87  8:05  Stalker x4  
  91  8:06  Stalker x2  
  91  8:11  Disruptor x2  
  82  8:31  Stalker x3  
  82  8:32  Stalker x3  
Tags
 
Add a new tag
Caveats
  • Supply blocks, unpowered buildings, or Contaminate may cause inaccurate times.
  • Supply counts are checked every 10 seconds.